 Dungeon Crawl Stone Soup version 0.22-a0-284-g99d1f74 (webtiles) character file.

7660 grizmgrazm2 the Insei (level 10, -5/75 HPs)
             Began as a Demonspawn Fire Elementalist on Mar 22, 2018.
             Was an Elder of Vehumet.
             Slain by a porcupine (6 damage)
             ... on level 2 of the Lair of Beasts.
             The game lasted 01:00:49 (12730 turns).

grizmgrazm2 the Insei (DsFE)                       Turns: 12730, Time: 01:00:50

Health: -5/75      AC: 11    Str:  8    XL:     10   Next: 99%
Magic:  0/20       EV:  2    Int: 20    God:    Vehumet [****..]
Gold:   275        SH:  0    Dex: 13    Spells: 7/23 levels left

rFire    + . .     SeeInvis +     - Unarmed
rCold    . . .     Gourm    .   (no shield)
rNeg     + + +     Faith    +   w - +2 robe {rF+}
rPois    ∞         Spirit   +   s - +1 helmet
rElec    +         Reflect  .   u - +2 cloak
rCorr    .         Harm     .   (gloves unavailable)
MR       .....                  (no boots)
Stlth    +++.......             G - amulet of faith
HPRegen  0.22/turn              x - ring of Moplox {+Fly rElec rPois Dex-4 Stlth+}
MPRegen  0.17/turn              p - ring "Taxkihef" {Dex+3 SInv}

@: petrified
A: claws 3, iridescent scales 1, demonic guardian 1, magic shield
a: Renounce Religion, Evoke Flight


You were on level 2 of the Lair of Beasts.
You worshipped Vehumet.
Vehumet was greatly pleased with you.
You were not hungry.

You visited 2 branches of the dungeon, and saw 10 of its levels.
You also visited: Sewer and Bailey.

You collected 563 gold pieces.
You spent 288 gold pieces at shops.

Inventory:

Hand Weapons
 j - a +5 hunting sling of flaming
Missiles
 m - 13 sling bullets
Armour
 s - a +1 helmet (worn)
 u - a +2 cloak (worn)
 w - a +2 robe of fire resistance (worn)
Magical Staves
 t - an uncursed staff of wizardry
Jewellery
 p - the ring "Taxkihef" (right claw) {Dex+3 SInv}
   (You acquired it in a bailey)

   [ring of see invisible]

   It affects your dexterity (+3).
   It lets you see invisible.
 x - the ring of Moplox (left claw) {+Fly rElec rPois Dex-4 Stlth+}
   (You acquired it on level 7 of the Dungeon)

   [ring of flight]

   It affects your dexterity (-4).
   It insulates you from electricity.
   It protects you from poison.
   It lets you fly.
   It makes you more stealthy.
 G - an amulet of faith (around neck)
Wands
 f - a wand of acid (15)
 v - a wand of digging (7)
 z - a wand of disintegration (7)
Scrolls
 d - 5 scrolls of remove curse
 h - 2 scrolls of amnesia
 i - 4 scrolls of teleportation
 o - 2 scrolls of fog
 E - 2 scrolls of fear
Potions
 a - a potion of curing
 e - a potion of might
 g - 3 potions of brilliance
 k - a potion of resistance
 l - 2 potions of heal wounds
 F - a potion of haste
Comestibles
 b - 3 chunks of flesh
 c - 11 rations


   Skills:
 + Level 5.6 Fighting
 - Level 2.1 Slings
 + Level 5.6 Dodging
 - Level 1.7 Stealth
 + Level 7.3 Unarmed Combat
 + Level 7.2 Spellcasting
 + Level 6.5 Conjurations
 + Level 6.8 Fire Magic


You had 7 spell levels left.
You knew the following spells:

 Your Spells              Type           Power        Failure   Level  Hunger
a - Flame Tongue          Conj/Fire      ####.        1%          1    None
b - Throw Flame           Conj/Fire      ####..       1%          2    None
c - Conjure Flame         Conj/Fire      ####....     1%          3    #......
d - Sticky Flame          Conj/Fire      ####....     1%          4    ###....
e - Fireball              Conj/Fire      ####......   4%          5    #####..
f - Magic Dart            Conj           ####         1%          1    None


Dungeon Overview and Level Annotations

Branches:
Dungeon (8/15)             Temple (0/1) D:5            Lair (2/6) D:8
  Swamp: Lair:2-4    Shoals: Lair:2-4     Snake: Lair:2-4    Spider: Lair:2-4

Altars:
Fedhas
Gozag
Kikubaaqudgha
Makhleb
Nemelex Xobeh
Ru
Sif Muna
Trog
Vehumet
Xom

Shops:
D:5 !


Innate Abilities, Weirdness & Mutations

You have claws for hands.
You are partially covered in iridescent scales. (AC +2)
A weak demonic guardian rushes to your aid.
When hurt, damage is shared between your health and your magic reserves.


Message History

* * * LOW HITPOINT WARNING * * *
The hippogriff bites you.
* * * LOW HITPOINT WARNING * * *
The hippogriff pecks you but does no damage.
The hippogriff claws you but does no damage.
Your ufetubus hits the hippogriff.
Your ufetubus hits the hippogriff but does no damage.
The porcupine barely misses you.
Your ufetubus disappears in a puff of smoke!
The basilisk bites you!
* * * LOW HITPOINT WARNING * * *
The porcupine bites you!
* * * LOW HITPOINT WARNING * * *
Your white imp hits the hippogriff.
Your white imp freezes the hippogriff.
The hippogriff dies!
Vehumet accepts your kill. The porcupine bites you.
* * * LOW HITPOINT WARNING * * *
The porcupine bites you!
You die...

.P........ ...
P.......
......#......# #
.......#...... .#
............. .#
#.....#+#..###..###
##.........r.......
#..........@l....# .h
###........§†r....# ..
#..........5......# hh
##..#...##...#..## ..
#P..............# ..
##..#>(.......P..#
..###.#...<..........#
........#.........#...
........#.........+.H


You could see a basilisk, 2 porcupines and a friendly white imp.

Vanquished Creatures
  Psyche (D:8)
  A rime drake (Lair:2)
  5 blink frogs (Lair:1)
  Eustachio (D:6)
  Grum (D:8)
  A hungry ghost (D:7)
  Menkaure (D:4)
  Edmund (D:5)
  3 water moccasins (Lair:1)
  3 orc warriors (Bailey)
  2 ice beasts
  A sky beast (D:6)
  A phantom (D:4)
  An eye of draining (D:6)
  A necrophage (D:5)
  3 centaurs
  13 wolves
  2 ogres
  2 crocodiles
  A big kobold (D:8)
  Blork the orc (D:5)
  2 bullfrogs (Lair:1)
  2 water moccasin skeletons
  2 scorpions (D:8)
  3 killer bees (D:7)
  3 howler monkeys
  An electric eel (Lair:1)
  5 crimson imps
  3 hounds
  A quasit (D:7)
  Crazy Yiuf (D:6)
  3 jellies
  3 orc priests
  A centaur skeleton (D:8)
  A bullfrog skeleton (D:8)
  An iguana (D:4)
  A merfolk siren (Sewer)
  3 orc wizards
  6 worker ants
  A merfolk avatar (Sewer)
  A killer bee zombie (D:7)
  A hound skeleton (D:5)
  16 adders
  2 gnolls (Bailey)
  4 river rats
  3 oozes
  An adder zombie (D:8)
  2 adder skeletons
  7 worms
  3 dart slugs
  10 leopard geckos
  22 orcs
  3 ball pythons
  11 bats
  6 giant cockroaches
  13 goblins
  10 hobgoblins
  2 jackals (D:4)
  27 kobolds
  4 quokkas
  15 frilled lizards
  A giant cockroach zombie (D:5)
  A quokka zombie (D:7)
  29 rats
  3 rat zombies (D:2)
  A plant (D:8)
287 creatures vanquished.

Vanquished Creatures (collateral kills)
  Pikel (D:6)
  A komodo dragon (D:8)
  A hippogriff (Lair:2)
  A sky beast (D:6)
  2 eyes of draining (D:6)
  A centaur (D:6)
  A bullfrog (D:8)
  A scorpion (D:5)
  An iguana (D:8)
  An adder (D:5)
  A worm (D:3)
  A leopard gecko (Sewer)
  An orc (D:8)
  A giant cockroach (D:8)
  2 hobgoblins (D:3)
  A bat (D:3)
  A kobold (D:3)
  2 rats (Sewer)
21 creatures vanquished.

Vanquished Creatures (others)
  A plant (D:8)
1 creature vanquished.

Grand Total: 309 creatures vanquished

Notes
Turn   | Place    | Note
-------+----------+-------------------------------------------
     0 | D:1      | grizmgrazm2 the Demonspawn Fire Elementalist began the quest for the Orb.
     0 | D:1      | Reached XP level 1. HP: 13/13 MP: 3/3
   270 | D:1      | Gained mutation: When hurt, damage is shared between your health and your magic reserves. [demonic ancestry]
   270 | D:1      | Reached XP level 2. HP: 19/19 MP: 3/5
   946 | D:1      | Gained mutation: A weak demonic guardian rushes to your aid. [demonic ancestry]
   946 | D:1      | Reached XP level 3. HP: 24/24 MP: 3/6
   951 | D:1      | Learned a level 3 spell: Conjure Flame
  1821 | D:2      | Found an ancient bone altar of Kikubaaqudgha.
  2115 | D:2      | Reached XP level 4. HP: 22/30 MP: 2/8
  2121 | D:2      | Learned a level 4 spell: Sticky Flame
  2489 | D:2      | Found a sparkling altar of Nemelex Xobeh.
  2509 | D:2      | Found a radiant altar of Vehumet.
  2509 | D:2      | Found a sacrificial altar of Ru.
  2518 | D:2      | Became a worshipper of Vehumet
  2731 | D:3      | Gained mutation: You have sharp fingernails. [demonic ancestry]
  2731 | D:3      | Reached XP level 5. HP: 31/35 MP: 1/10
  3006 | D:3      | Reached * piety under Vehumet
  3006 | D:3      | Offered knowledge of Sting by Vehumet.
  3047 | D:3      | Found a glowing drain.
  3055 | Sewer    | Entered a sewer
  3433 | Sewer    | Reached ** piety under Vehumet
  3499 | Sewer    | Offered knowledge of Magic Dart by Vehumet.
  3502 | Sewer    | Learned a level 1 spell: Magic Dart
  3509 | Sewer    | Gained mutation: You have very sharp fingernails. [demonic ancestry]
  3509 | Sewer    | Reached XP level 6. HP: 41/41 MP: 6/11
  3831 | D:3      | Reached skill level 1 in Slings
  4083 | D:3      | Offered knowledge of Static Discharge by Vehumet.
  4472 | D:4      | Reached skill level 1 in Fighting
  4482 | D:4      | Gained mutation: You have claws for hands. [demonic ancestry]
  4482 | D:4      | Reached XP level 7. HP: 38/48 MP: 6/13
  4557 | D:4      | Reached *** piety under Vehumet
  4693 | D:4      | Found a blossoming altar of Fedhas.
  4753 | D:4      | Found a sacrificial altar of Ru.
  5414 | D:4      | Noticed Menkaure
  5448 | D:4      | Killed Menkaure
  5448 | D:4      | Reached skill level 1 in Unarmed Combat
  5872 | D:4      | Found a shimmering altar of Xom.
  5920 | D:5      | Entered Level 5 of the Dungeon
  6038 | D:5      | Noticed Blork the orc
  6104 | D:4      | Learned a level 2 spell: Throw Flame
  6220 | D:5      | Killed Blork the orc
  6331 | D:5      | Offered knowledge of Throw Icicle by Vehumet.
  6387 | D:5      | Reached skill level 5 in Spellcasting
  6412 | D:5      | Reached XP level 8. HP: 34/57 MP: 12/15
  6582 | D:5      | Noticed Edmund
  6631 | D:5      | Killed Edmund
  6631 | D:5      | Reached skill level 5 in Fire Magic
  6752 | D:5      | Found a staircase to the Ecumenical Temple.
  6935 | D:5      | Found Xiethraoz's Distillery.
  6938 | D:5      | Bought a potion of might for 48 gold pieces
  6938 | D:5      | Bought a potion of resistance for 120 gold pieces
  6938 | D:5      | Bought a potion of heal wounds for 60 gold pieces
  6938 | D:5      | Bought a potion of degeneration for 12 gold pieces
  6938 | D:5      | Bought a potion of agility for 48 gold pieces
  7028 | D:5      | Found a burning altar of Makhleb.
  7028 | D:5      | Noticed a blizzard demon
  7153 | D:6      | Found a deep blue altar of Sif Muna.
  7181 | D:6      | Found a bloodstained altar of Trog.
  7252 | D:6      | Found an opulent altar of Gozag.
  7357 | D:6      | Noticed Pikel
  7371 | D:6      | Killed Pikel
  7371 | D:6      | Gained mutation: You are partially covered in iridescent scales. (AC +2) [demonic ancestry]
  7371 | D:6      | Reached XP level 9. HP: 60/66 MP: 7/17
  7456 | D:6      | Reached skill level 5 in Conjurations
  7475 | D:6      | Reached **** piety under Vehumet
  7554 | D:6      | Found a blossoming altar of Fedhas.
  7612 | D:6      | Noticed Eustachio
  7624 | D:6      | Killed Eustachio
  7644 | D:6      | Found a runed door.
  7875 | D:6      | Noticed Crazy Yiuf
  7881 | D:6      | Killed Crazy Yiuf
  8031 | D:7      | Identified a scroll of acquirement
  8034 | D:7      | Got a sparkling bone ring
  8035 | D:7      | Identified the ring of Moplox {+Fly rElec rPois Dex-4 Stlth+} (You acquired it on level 7 of the Dungeon)
  8098 | D:7      | Offered knowledge of Ignite Poison by Vehumet.
  8411 | D:7      | Found a flagged portal.
  8423 | Bailey   | Entered a bailey
  8428 | Bailey   | Noticed an orc warlord
  8757 | Bailey   | Found a runed gate.
  8757 | Bailey   | Found a runed gate.
  8766 | Bailey   | Found a runed gate.
  8778 | Bailey   | Reached skill level 5 in Fighting
  9481 | Bailey   | Got a scorched pewter ring
  9482 | Bailey   | Identified the ring "Wawe" {rN++ Dex-3 SInv} (You acquired it in a bailey)
  9484 | Bailey   | Got a glittering granite ring
  9486 | Bailey   | Identified the ring "Taxkihef" {Dex+3 SInv} (You acquired it in a bailey)
 10122 | D:8      | Noticed Psyche
 10128 | D:8      | Killed Psyche
 10128 | D:8      | Reached skill level 5 in Unarmed Combat
 10128 | D:8      | Reached XP level 10. HP: 60/74 MP: 10/19
 10275 | D:8      | Noticed Grum
 10288 | D:8      | Killed Grum
 10324 | D:8      | Reached ***** piety under Vehumet
 10593 | D:8      | Found a staircase to the Lair.
 10859 | D:8      | Learned a level 5 spell: Fireball
 10935 | D:8      | Offered knowledge of Irradiate by Vehumet.
 11183 | Lair:1   | Entered Level 1 of the Lair of Beasts
 11209 | Lair:1   | Reached skill level 5 in Dodging
 12717 | Lair:2   | Noticed a manticore
 12729 | Lair:2   | HP: 2/75 [porcupine (4)]
 12730 | Lair:2   | Slain by a porcupine

Vault maps used:
D:1:      minmay_arrival_up_and_down
D:2:      lemuel_zombie_altar_kikubaaqudgha, grunt_temple_overflow_open,
          serial_forest, infiniplex_forest_straight_3,
          infiniplex_forest_clump_long, infiniplex_forest_lined_2,
          infiniplex_forest_lined_2, infiniplex_forest_lined_2
D:3:      lightli_sewer_entry_pipes, grunt_ministairs_14
D:4:      kennysheep_mini_moat, nicolae_overflow_hidden_temple, first_ration,
          nicolae_ru_the_path_less_chosen, uniq_menkaure
D:5:      temple_doors_e, serial_shops, nicolae_shop_behind_doors,
          makhleb_altar_promises_db, uniq_edmund, uniq_blork_the_orc
D:6:      trog_eyes_of_draining, overflow_temple_1_default,
          lemuel_crystal_altar, fedhas_altar_2, uniq_crazy_yiuf_cottage,
          uniq_eustachio, uniq_pikel
D:7:      enter_bailey_2
D:8:      david_lair_shrubbed, uniq_grum, uniq_psyche
Lair:1:   statuecave_lemuel, grunt_megastairs_1, serial_bayou_shore_a
Lair:2:   minmay_shoals_entry_beasts, grunt_forest_stairs_clearing
Sewer:    sewer_sea
Bailey:   bailey_axe_bossmonster_kennysheep, bailey

Skill      XL: |  1  2  3  4  5  6  7  8  9 10 |
---------------+-------------------------------+-----
Fire Magic     | 3 4 5 6 |  6.8
Spellcasting   | 3 4 5 6 7 |  7.2
Conjurations   | 2 3 4 5 6 |  6.5
Slings         | 2 |  2.1
Fighting       | 1 2 4 5 |  5.6
Dodging        | 2 3 4 5 |  5.6
Unarmed Combat | 1 3 5 7 |  7.3
Stealth        | |  1.7

Action                   |  1- 3 |  4- 6 |  7- 9 | 10-12 || total
-------------------------+-------+-------+-------+-------++-------
Melee: Spear             |     4 |       |       |       ||     4
       Unarmed           |    12 |       |   204 |   148 ||   364
       Club              |    25 |       |       |       ||    25
       Punch             |       |       |     6 |     4 ||    10
 Fire: Hunting sling     |       |   108 |   153 |       ||   261
Throw: Stone             |       |       |    44 |       ||    44
 Cast: Flame Tongue      |    79 |    90 |    42 |       ||   211
       Conjure Flame     |     2 |       |     9 |       ||    11
       Magic Dart        |       |    11 |    17 |     3 ||    31
       Sticky Flame      |       |       |    39 |    32 ||    71
       Throw Flame       |       |       |    11 |     9 ||    20
 Abil: Stop Flying       |       |       |     3 |       ||     3
       Evoke Flight      |       |       |     3 |       ||     3
Evoke: Wand              |       |       |     2 |       ||     2
  Use: Scroll            |     5 |     3 |    20 |     3 ||    31
       Potion            |     1 |     1 |     4 |     1 ||     7
 Stab: Sleeping          |     1 |       |     2 |       ||     3
       Distracted        |       |       |     1 |     1 ||     2
  Eat: Chunk             |     4 |     7 |    17 |     8 ||    36
       Ration            |       |       |     3 |     1 ||     4
Armor: Robe              |    22 |    13 |    77 |    77 ||   189
Dodge: Dodged            |    66 |    48 |   198 |   149 ||   461

Table legend:
 A = Spawn XP
 B = Non-spawn XP
 C = Spawn XP percentage of total XP
 D = Spawn monster count
 E = Non-spawn monster count
 F = Spawn count percentage of total count
 G = Total turns spent on level
                    A         B        C        D         E        F      G
               +---------+---------+-------+---------+---------+-------+---------
         Total |       0 |   10943 |   0.0 |       0 |     307 |   0.0 | 12730
               +---------+---------+-------+---------+---------+-------+---------
           D:1 |       0 |      57 |   0.0 |       0 |      28 |   0.0 |  1461
           D:2 |       0 |     104 |   0.0 |       0 |      34 |   0.0 |  1198
           D:3 |       0 |     239 |   0.0 |       0 |      34 |   0.0 |  1033
           D:4 |       0 |     571 |   0.0 |       0 |      25 |   0.0 |  1605
           D:5 |       0 |     945 |   0.0 |       0 |      21 |   0.0 |  1093
           D:6 |       0 |    1585 |   0.0 |       0 |      17 |   0.0 |   762
           D:7 |       0 |     852 |   0.0 |       0 |      21 |   0.0 |  1024
           D:8 |       0 |    2324 |   0.0 |       0 |      36 |   0.0 |  1176
        Lair:1 |       0 |    2947 |   0.0 |       0 |      20 |   0.0 |  1491
        Lair:2 |       0 |     734 |   0.0 |       0 |       4 |   0.0 |    56
         Sewer |       0 |     120 |   0.0 |       0 |      41 |   0.0 |   763
        Bailey |       0 |     465 |   0.0 |       0 |      26 |   0.0 |  1068
               +---------+---------+-------+---------+---------+-------+---------
